 Dungeon Crawl Stone Soup version 0.31-a0-986-g5e6e4ef867 (webtiles) character file.

Game seed: 17940337270175505159

4 timneilson the Ruffian (level 1, -3/13 HPs)
             Began as an Octopode Shapeshifter on Nov 17, 2023.
             Slain by Sigmund
             ... wielding a +0 scythe
              (9 damage)
             ... on level 2 of the Dungeon.
             The game lasted 00:00:20 (42 turns).

timneilson the Ruffian (Octopode Shapeshifter)        Turns: 42, Time: 00:00:21

Health: -3/13      AC:  1    Str: 13    XL:     1   Next: 60%
Magic:  1/1        EV: 13    Int: 12    God:
Gold:   16         SH:  0    Dex: 11    Spells: 0/0 levels left

rFire   . .          .
                       - Unarmed
rCold   . . .        (no shield)
rNeg    . . .        (helmet currently unavailable)
rPois   .            (no amulet)
rElec   .            (no ring)
rCorr   .            (no ring)
SInv    .            (no ring)
Will    .....        (no ring)
Stlth   ++           (no ring)
HPRegen 0.22/turn    (no ring)
MPRegen 0.07/turn    (no ring)
                     (no ring)

%: no passive effects
@: beast-form
A: beast (slay +1), almost no armour, amphibious, 8 rings, camouflage 1,
gelatinous body 1, (nimble swimmer 1), tentacles
a: Begin Untransformation


You were on level 2 of the Dungeon.
You were a hulking beast.
You visited 1 branch of the dungeon, and saw 2 of its levels.

You collected 16 gold pieces.

Inventory:

Talismans
 b - a beast talisman
 c - a flux talisman
Scrolls
 d - a scroll of identify {unknown}
Potions
 a - a potion of lignification


   Skills:
 * Level 1.1 Fighting
 * Level 2.1 Dodging
 + Level 0.2 Stealth
 * Level 3.0 Unarmed Combat
 * Level 3.0 Shapeshifting


You couldn't memorise any spells.
You didn't know any spells.
Your spell library was empty.

Dungeon Overview and Level Annotations

Branches:
Dungeon (1/15)

Altars:

Annotations:
D:2 Sigmund


Innate Abilities, Weirdness & Mutations

You are a hulking beast.
Your limbs bulge with bestial killing power. (Slay +1)
You cannot wear most types of armour.
You are amphibious.
You can wear up to eight rings at the same time.
Your skin changes colour to match your surroundings (Stealth+).
Your rubbery body absorbs attacks. (AC +1, EV +1)
((You are camouflaged when in or above water. (Stealth+)))
You have tentacles for arms and can constrict up to eight enemies at once.


Message History

You completely miss the bat. You grab the bat. You constrict the bat.
The bat escapes!
The bat barely misses you. The bat hits you. The bat barely misses you.
You barely miss the bat. You grab the bat. You constrict the bat.
The bat barely misses you. The bat hits you but does no damage.
The bat closely misses you. The bat hits you.
You tentacle-slap the bat.
You kill the bat!
You constrict the bat. The bat hits you but does no damage. The bat hits you.
You tentacle-slap the bat.
You kill the bat!
You now have 7 gold pieces.
A kobold comes into view. It is wielding a +0 dagger.
You see here 9 gold pieces.
d - a scroll labelled ASOMAKK YSEFEO You see here 9 gold pieces.
You now have 16 gold pieces (gained 9).
The helpless kobold fails to defend itself.
You tentacle-slap the kobold.
You kill the kobold!
You see here a +0 dagger.
Sigmund the Dreaded comes into view.
He is wielding a +0 scythe.
Okay, then.
Sigmund screams, "Die, monster!"
Sigmund barely misses you.
You tentacle-slap Sigmund. Your grab misses Sigmund.
Your squeeze misses Sigmund.
Sigmund is lightly wounded.
Sigmund gestures at you while chanting. The magic dart hits you!
Ouch! That really hurt!
You closely miss Sigmund. You grab Sigmund. You squeeze Sigmund!
Sigmund is moderately wounded.
You constrict Sigmund. You tentacle-slap Sigmund. You squeeze Sigmund.
Sigmund is heavily wounded.
You constrict Sigmund. Sigmund hits you with a +0 scythe!
Ouch! That really hurt!
You die...
Sigmund begins carving another notch in his scythe.

.. .. ##. # .. .
#.### .#
####...##.#####
#.....@....... .
#....h..# #..# .
#.......# #..###.
######..###.....##+##
##...#.# #.#...#
###)..# #.#...#
###..###†#...#
#............#
#...#..###..##
#...#.......#


You could see Sigmund.

Vanquished Creatures
  2 bats (D:2)
  A kobold (D:2)
3 creatures vanquished.

Notes
Turn   | Place    | Note
-------+----------+-------------------------------------------
     0 | D:1      | timneilson the Octopode Shapeshifter began the quest for
                  | the Orb.
     0 | D:1      | Reached XP level 1. HP: 13/13 MP: 1/1
     2 | D:1      | You fall into a shaft and drop 1 floor!
    36 | D:2      | Noticed Sigmund
    42 | D:2      | Slain by Sigmund

Illustrated notes

Levels and vault maps discovered:
D:1:      scummos_arrival_hexagon, layout_rooms
D:2:      layout_basic, minmay_rat_hole, uniq_sigmund

Action                     || total
---------------------------++-------
  Melee: Unarmed           ||     9
         Constrict         ||     3
         Tentacles         ||     2
   Stab: Sleeping          ||     2
 Armour: Skin              ||     7
  Dodge: Dodged            ||     8

Table legend: (Time is in decaauts)
 A = Elapsed time spent in this place.
 B = Non-inter-level travel time spent in this place.
 C = Inter-level travel time spent in this place.
 D = Time resting spent in this place.
 E = Time spent auto-exploring this place.
 F = Levels seen in this place.
 G = Mean time per level.
                   A        B        C        D        E       F      G
               +--------+--------+--------+--------+--------+-----+--------+
         Total |     41 |     41 |      0 |      0 |      2 |   2 |   20.5 |
       Dungeon |     41 |     41 |      0 |      0 |      2 |   2 |   20.5 |
               +--------+--------+--------+--------+--------+-----+--------+

Top non-repeatable levels by time:
     D:2: 39 daAuts
     D:1: 2 daAuts
